 Dungeon Crawl Stone Soup version 0.26.1-11-gd32895ea62 (webtiles) character file.

Game seed: 4382554302618702834

105924 bnorton916 the Unseen (level 15, -3/93 HPs)
             Began as a Deep Elf Conjurer on July 9, 2021.
             Was a High Priest of Vehumet.
             Killed from afar by Roxanne (31 damage)
             ... with a crystal spear
             ... on level 3 of the Swamp on July 10, 2021.
             The game lasted 02:22:50 (40048 turns).

bnorton916 the Unseen (Deep Elf Conjurer)          Turns: 40048, Time: 02:22:50

Health: -3/93      AC: 18    Str:  5    XL:     15   Next: 96%
Magic:  3/36       EV: 19    Int: 32    God:    Vehumet [*****.]
Gold:   633        SH:  6    Dex: 19    Spells: 5/44 levels left

rFire    + + .     SeeInvis +   N - staff of fire
rCold    . . .     Faith    .   V - +0 buckler
rNeg     . . .     Spirit   .   G - +3 steam dragon scales
rPois    +         Reflect  .   x - +2 helmet {SInv}
rElec    .         Harm     .   a - +0 cloak
rCorr    .         Rampage  .   X - +2 pair of gloves {archery}
Will     +....                  j - +2 pair of boots
Stlth    +++++++...             (no amulet)
HPRegen  0.25/turn              m - ring "Koef" {rF+ Int+3 Dex+6 Stlth+}
MPRegen  0.25/turn              I - ring of poison resistance

@: about to teleport, studying Stealth
A: no striking features
a: Renounce Religion


You were on level 3 of the Swamp.
You worshipped Vehumet.
Vehumet was extremely pleased with you.
You visited 5 branches of the dungeon, and saw 23 of its levels.
You also visited: Bailey.

You collected 2477 gold pieces.
You spent 1844 gold pieces at shops.

Inventory:

Hand Weapons
 L - a +2 dagger of electrocution
 M - a +4 long sword of flaming
Missiles
 A - 9 curare-tipped darts
 F - 7 boomerangs of dispersal
Armour
 a - a +0 cloak (worn)
 j - a +2 pair of boots (worn)
 x - a +2 helmet of see invisible (worn)
 G - +3 steam dragon scales (worn)
 V - a +0 buckler (worn)
 X - a +2 pair of gloves of archery (worn)
Magical Staves
 N - an uncursed staff of fire (weapon)
Jewellery
 m - the ring "Koef" (left hand) {rF+ Int+3 Dex+6 Stlth+}
   (You found it on level 6 of the Lair of Beasts)

   [ring of dexterity]

   It affects your intelligence (+3).
   It affects your dexterity (+6).
   It protects you from fire.
   It makes you more stealthy.
 r - an uncursed ring of resist corrosion
 I - a ring of poison resistance (right hand)
Wands
 h - a wand of disintegration (13)
 w - a wand of digging (2)
 y - a wand of paralysis (31)
 z - a wand of random effects (13)
 B - a wand of flame (28)
 D - a wand of iceblast (22)
 K - a wand of enslavement (17)
Scrolls
 b - 5 scrolls of remove curse
 d - 2 scrolls of enchant armour
 e - a scroll of blinking
 n - a scroll of identify
 o - 2 scrolls of magic mapping
 p - 5 scrolls of enchant weapon
 q - 5 scrolls of fog
 t - 2 scrolls of teleportation
 u - 4 scrolls of fear
 v - 4 scrolls of amnesia
 H - a scroll of holy word
Potions
 c - 4 potions of flight
 f - a potion of brilliance
 g - a potion of cancellation
 i - 6 potions of heal wounds
 l - a potion of might
 s - 4 potions of lignification
 C - a potion of magic
 E - 3 potions of haste
 J - a potion of invisibility
 S - 7 potions of curing
 T - 2 potions of resistance
Books
 k - a manual of Stealth
Miscellaneous
 O - a phantom mirror
 Z - a phial of floods


   Skills:
 - Level 10.4 Fighting
 - Level 8.2 Dodging
 + Level 15.8 Stealth
 - Level 4.0 Shields
 - Level 15.0 Spellcasting
 - Level 14.3 Conjurations
 - Level 10.1 Hexes
 - Level 8.4 Translocations
 + Level 12.1 Fire Magic
 - Level 2.0 Air Magic
 - Level 2.0 Poison Magic


You had 5 spell levels left.
You knew the following spells:

 Your Spells              Type           Power        Failure   Level
a - Magic Dart            Conj           100%         0%          1
b - Searing Ray           Conj           100%         0%          2
c - Dazzling Flash        Conj/Hex       100%         1%          3
d - Iskenderun's Mystic   Conj/Tloc      77%          1%          4
e - Fulminant Prism       Conj/Hex       40%          1%          4
f - Freeze                Ice            96%          1%          1
g - Mephitic Cloud        Conj/Pois/Air  58%          1%          3
h - Sticky Flame          Conj/Fire      100%         1%          4
i - Bolt of Magma         Conj/Fire/Erth 44%          1%          5
j - Orb of Destruction    Conj           43%          1%          7
k - Fireball              Conj/Fire      52%          1%          5

Your spell library contained the following spells:

 Spells                   Type           Power        Failure   Level
 Animate Skeleton         Necr           48%          1%          1
 Pain                     Necr           96%          1%          1
 Shock                    Conj/Air       100%         1%          1
 Summon Small Mammal      Summ           96%          1%          1
 Corpse Rot               Necr/Air       N/A          1%          2
 Swiftness                Air            36%          1%          2
 Static Discharge         Conj/Air       66%          1%          3
 Summon Guardian Golem    Hex/Summ       54%          1%          3
 Cause Fear               Hex            36%          1%          4
 Iskenderun's Battlesphe  Conj           86%          1%          5
 Lightning Bolt           Conj/Air       33%          1%          5
 Yara's Violent Unravell  Hex/Tmut       27%          1%          5
 Call Imp                 Summ           24%          2%          2
 Sublimation of Blood     Necr           12%          2%          2
 Airstrike                Air            18%          2%          4
 Silence                  Hex/Air        29%          4%          5
 Call Canine Familiar     Summ           24%          5%          3
 Vampiric Draining        Necr           12%          5%          3
 Summon Lightning Spire   Summ/Air       30%          12%         4
 Animate Dead             Necr           12%          19%         4
 Dispel Undead            Necr           24%          19%         4
 Summon Ice Beast         Ice/Summ       24%          19%         4
 Agony                    Necr           24%          45%         5
 Excruciating Wounds      Necr           12%          45%         5
 Iron Shot                Conj/Erth      31%          4%          6
 Spellforged Servitor     Conj/Summ      31%          21%         7
 Discord                  Hex            36%          88%         8


Dungeon Overview and Level Annotations

Branches:
Dungeon (11/15)            Temple (1/1) D:4            Lair (6/6) D:8
  Swamp (3/4) Lair:4       Spider (0/4) Lair:3        Slime (0/5) Lair:6
    Orc (2/2) D:10            Elf (0/3) Orc:2        Bailey (visited)

Altars:
Ashenzari
Cheibriados
Dithmenos
Elyvilon
Fedhas
Gozag
Hepliaklqana
Kikubaaqudgha
Makhleb
Nemelex Xobeh
Okawaru
Qazlal
Ru
Sif Muna
Trog
Uskayaw
Vehumet
Wu Jian
Xom
Yredelemnul
Zin
The Shining One
Beogh

Shops:
D:4 [(?[   D:7 ?   D:8 :   Orc:2 *=?[

Portals:
Trove: D:11 (give horn of Geryon)

Annotations:
Swamp:3 Roxanne


Message History

You feel your power returning.
Casting: Orb of Destruction (dangerous; 1% risk of failure)
Confirm with . or Enter, or press ? or * to list all spells.
You don't have enough magic to cast that spell.
Unknown command.
Roxanne casts a spell.
You blink.
Casting: Orb of Destruction (dangerous; 1% risk of failure)
Confirm with . or Enter, or press ? or * to list all spells.
Okay, then.
Unknown command.
Casting: Orb of Destruction (dangerous; 1% risk of failure)
Confirm with . or Enter, or press ? or * to list all spells.
Okay, then.
Unknown command.
As you read the scroll of teleportation, it crumbles to dust.
You feel strangely unstable.
Roxanne casts a spell.
The crystal spear hits you!!
You die...

**,*,*≈,*≈,,≈≈≈*
*≈≈,≈,,..♣....≈**
*≈,,≈*,...:≈.≈,,*
**,,**♣♣≈.≈≈.*,** *,,,*♣...≈.♣♣**
********,*♣♣≈.☼≈..♣♣♣♣♣♣
♣♣♣§.,,*****♣.≈....≈≈...≈♣♣
....≈≈≈≈* ♣....8..≈≈≈≈.≈♣
...≈≈≈≈** ♣.≈≈@...≈≈≈≈≈≈♣
.≈≈≈≈≈,,* ♣♣...?...≈≈≈.♣♣♣♣♣
.≈≈≈≈,,≈* ♣♣≈.≈≈...≈.≈♣≈..♣♣
.≈≈≈≈≈,,** ♣≈♣≈≈≈≈.....§≈(.♣
*.≈≈≈,,,≈* ♣♣≈≈≈≈.>♣♣≈≈≈≈≈.♣♣♣
**...≈,,,******♣♣...♣♣♣♣.≈≈≈.≈≈≈.
*≈≈≈≈≈≈,**,,,**....♣♣ ♣≈≈≈≈..≈≈.
≈,≈≈≈≈≈,**≈≈,*≈..≈≈.* ♣♣≈..♣♣≈≈≈
***,≈≈≈≈**,≈,♣♣≈≈.≈.* ♣♣≈..♣♣♣♣


You could see Roxanne.

Vanquished Creatures
  Louise (Swamp:2)
  A dire elephant (Lair:6)
  3 entropy weavers (Lair:4)
  3 bunyips (Swamp:3)
  Snorg (Orc:1)
  An eleionoma (Lair:4)
  A vault guard (D:11)
  A boulder beetle (Lair:5)
  3 ghost crabs
  10 hydras
  3 alligators
  3 two-headed ogres (D:8)
  A merfolk avatar (Lair:6)
  5 orc high priests (Orc:2)
  Sonja (Lair:2)
  2 goliath frogs
  2 bog bodies
  6 fire crabs (Lair:4)
  A sea snake (Lair:6)
  3 swamp dragons
  7 spriggan druids
  2 unseen horrors
  A harpy (Lair:6)
  7 orc knights (Orc:2)
  3 oklob plants (Lair:6)
  A will-o-the-wisp (Swamp:1)
  22 elephants
  A centaur zombie (D:11)
  4 black mambas
  An apocalypse crab (Lair:4)
  Maggie (D:6)
  17 cane toads
  2 torpor snails (Lair:4)
  7 rime drakes
  3 kobold demonologists (D:11)
  7 komodo dragons
  6 polar bears
  A troll (D:11)
  3 bloated husks
  3 wind drakes (Lair:6)
  4 tyrant leeches
  12 hornets
  Prince Ribbit (Lair:2)
  2 slime creatures (D:5)
  23 blink frogs
  9 dream sheep
  A vampire (D:11)
  12 spriggans
  A wraith (D:10)
  6 wyverns
  46 yaks
  5 basilisks
  7 vampire mosquitoes
  5 wargs
  14 swamp worms
  20 water moccasins
  A soldier ant (D:11)
  5 sky beasts
  A necrophage (D:10)
  A swamp drake (Swamp:1)
  4 ice beasts
  40 orc warriors
  4 black bears
  A phantom (D:6)
  4 centaurs
  7 ogres
  19 wolves
  7 big kobolds
  18 bullfrogs
  7 scorpions
  6 killer bees (D:11)
  13 wights
  2 howler monkeys
  2 electric eels (Lair:5)
  A quasit (D:8)
  5 hounds
  8 jellies
  4 bullfrog zombies
  A gnoll shaman (D:10)
  2 centaur skeletons
  28 orc priests
  9 orc wizards
  An iguana (D:8)
  8 worker ants
  A killer bee zombie (D:10)
  2 hound skeletons (D:7)
  A worker ant zombie (D:5)
  A howler monkey zombie (D:8)
  4 gnolls
  11 adders
  4 shadow imps
  A white imp (D:5)
  5 oozes
  An adder zombie (D:5)
  An adder skeleton (D:6)
  A worm (D:2)
  A dart slug (D:2)
  4 leopard geckos
  55 orcs
  6 bats
  6 giant cockroaches
  15 goblins
  8 hobgoblins
  9 jackals
  50 kobolds
  5 quokkas
  3 ball pythons
  A ball python skeleton (D:6)
  A jackal skeleton (D:5)
  A jackal zombie (D:5)
  2 leopard gecko skeletons
  6 rats
  A butterfly (Lair:5)
735 creatures vanquished.

Vanquished Creatures (others)
  3 dream sheep (Lair:6)
  An orc (D:5)
  A bush (Lair:6)
  11 foxfires (Swamp:1)
  145 fulminant prisms
  85 fungi
  126 plants
  7 toadstools (D:5)
  A withered plant (D:2)
380 creatures vanquished.

Grand Total: 1115 creatures vanquished

Notes
Turn   | Place    | Note
-------+----------+-------------------------------------------
     0 | D:1      | bnorton916 the Deep Elf Conjurer began the quest for the
                  | Orb.
     0 | D:1      | Reached XP level 1. HP: 10/10 MP: 6/6
   245 | D:1      | Reached XP level 2. HP: 15/15 MP: 4/8
  1216 | D:2      | Reached skill level 5 in Conjurations
  1216 | D:2      | Reached XP level 3. HP: 19/19 MP: 5/10
  1281 | D:2      | Found a basalt altar of Yredelemnul.
  1551 | D:1      | Learned a level 2 spell: Searing Ray
  1763 | D:2      | Reached XP level 4. HP: 24/24 MP: 9/12
  1770 | D:2      | Learned a level 3 spell: Dazzling Flash
  1817 | D:2      | Found a blossoming altar of Fedhas.
  1961 | D:2      | Reached skill level 5 in Spellcasting
  2201 | D:2      | Reached XP level 5. HP: 28/28 MP: 8/15
  2524 | D:2      | Found an iron altar of Okawaru.
  2703 | D:3      | Found a glowing golden altar of the Shining One.
  2715 | D:3      | Reached XP level 6. HP: 29/32 MP: 11/17
  2803 | D:3      | Learned a level 4 spell: Iskenderun's Mystic Blast
  2836 | D:3      | Found a stormy altar of Qazlal.
  3482 | D:4      | Reached skill level 1 in Hexes
  3489 | D:4      | Found Lofraig's Magic Scroll Shop.
  3505 | D:4      | Bought a scroll of teleportation for 33 gold pieces
  3505 | D:4      | Bought a scroll of fear for 38 gold pieces
  3505 | D:4      | Bought a scroll of amnesia for 38 gold pieces
  3505 | D:4      | Bought a scroll of remove curse for 33 gold pieces
  3505 | D:4      | Bought a scroll of noise for 11 gold pieces
  3636 | D:4      | Found Hual's Armour Boutique.
  3677 | D:4      | Reached skill level 1 in Translocations
  3800 | D:4      | Found a blossoming altar of Fedhas.
  3868 | D:4      | Lost strength.
  4115 | D:4      | Found a staircase to the Ecumenical Temple.
  4124 | Temple   | Entered the Ecumenical Temple
  4174 | Temple   | Became a worshipper of Vehumet
  4286 | D:4      | Found Gousuy's Weapon Shoppe.
  4302 | D:4      | Reached XP level 7. HP: 36/36 MP: 12/19
  4466 | D:4      | Found Buima's Antique Armour Shop.
  4582 | D:5      | Entered Level 5 of the Dungeon
  4696 | D:5      | Found a stormy altar of Qazlal.
  4971 | D:5      | Found a hazy altar of Hepliaklqana.
  5250 | D:5      | Reached XP level 8. HP: 35/41 MP: 10/21
  5250 | D:5      | Reached * piety under Vehumet
  5250 | D:5      | Offered knowledge of Shock by Vehumet.
  5494 | D:5      | Noticed a slime creature
  5494 | D:5      | Noticed a slime creature
  5503 | D:5      | Reached skill level 5 in Hexes
  5891 | D:5      | Killed a slime creature
  5896 | D:5      | Killed a slime creature
  6027 | D:5      | Reached skill level 5 in Translocations
  6181 | D:5      | Learned a level 4 spell: Fulminant Prism
  6340 | D:6      | Found a sparkling altar of Nemelex Xobeh.
  6475 | D:6      | Reached XP level 9. HP: 45/45 MP: 18/23
  6648 | D:6      | Found a shadowy altar of Dithmenos.
  6739 | D:6      | Found an ancient bone altar of Kikubaaqudgha.
  7471 | D:7      | Noticed Maggie
  7487 | D:6      | Killed Maggie
  7690 | D:7      | Reached ** piety under Vehumet
  7760 | D:7      | Offered knowledge of Freeze by Vehumet.
  8184 | D:7      | Learned a level 1 spell: Freeze
  8408 | D:7      | Found Mifut's Magic Scroll Emporium.
  8416 | D:7      | Bought a scroll of random uselessness for 13 gold pieces
  8416 | D:7      | Bought a scroll of enchant weapon for 97 gold pieces
  8699 | D:8      | Noticed a two-headed ogre
  8742 | D:8      | Killed a two-headed ogre
  8743 | D:8      | Reached skill level 10 in Conjurations
  8743 | D:8      | Reached XP level 10. HP: 11/50 MP: 9/24
  9214 | D:8      | Offered knowledge of Mephitic Cloud by Vehumet.
  9220 | D:8      | Learned a level 3 spell: Mephitic Cloud
  9273 | D:8      | Noticed a two-headed ogre
  9278 | D:8      | Killed a two-headed ogre
  9279 | D:8      | Reached skill level 1 in Air Magic
  9279 | D:8      | Reached skill level 1 in Poison Magic
  9335 | D:8      | Reached skill level 10 in Hexes
  9349 | D:8      | Found a bloodstained altar of Trog.
  9369 | D:8      | Found a hide-covered altar of Uskayaw.
  9370 | D:8      | Noticed a +0 dagger
  9370 | D:8      | Noticed a -1 hand axe
  9533 | D:8      | Found a staircase to the Lair.
  9626 | D:8      | Noticed a two-headed ogre
  9631 | D:8      | Killed a two-headed ogre
  9632 | D:8      | Reached skill level 5 in Dodging
  9817 | D:8      | Found Sysso's Book Boutique.
 10024 | D:9      | Reached *** piety under Vehumet
 10037 | D:9      | Found a flagged portal.
 10059 | Bailey   | Entered a bailey
 10184 | Bailey   | Offered knowledge of Stone Arrow by Vehumet.
 11785 | D:10     | Entered Level 10 of the Dungeon
 11798 | D:9      | Reached **** piety under Vehumet
 11889 | D:10     | Reached XP level 11. HP: 54/54 MP: 20/25
 11895 | D:10     | Reached skill level 1 in Fighting
 11924 | D:10     | Offered knowledge of Yara's Violent Unravelling by Vehumet.
 12316 | D:8      | Bought a book of Power for 540 gold pieces
 12378 | D:9      | Killed an unseen horror
 13260 | D:10     | Found a staircase to the Orcish Mines.
 13369 | D:10     | Reached skill level 5 in Stealth
 13555 | D:10     | Reached ***** piety under Vehumet
 13555 | D:10     | Offered knowledge of Sticky Flame by Vehumet.
 13592 | D:10     | Killed an unseen horror
 13783 | D:10     | Learned a level 4 spell: Sticky Flame
 14242 | D:11     | Reached skill level 1 in Fire Magic
 14495 | D:11     | Paralysed by a hornet for 2 turns
 14814 | D:11     | Noticed a vault guard
 14844 | D:11     | Killed a vault guard
 15003 | D:11     | Found a portal to a secret trove of treasure.
 15760 | Lair:1   | Entered Level 1 of the Lair of Beasts
 15765 | Lair:1   | Reached XP level 12. HP: 62/67 MP: 15/26
 16033 | D:8      | Reached skill level 5 in Fighting
 16194 | Lair:1   | Reached skill level 5 in Fire Magic
 16653 | Lair:1   | Noticed a five-headed hydra
 16678 | Lair:1   | Learned a level 5 spell: Bolt of Magma
 16786 | Lair:1   | Killed a five-headed hydra
 17215 | Lair:2   | Noticed Prince Ribbit
 17217 | Lair:2   | Noticed a five-headed hydra
 17223 | Lair:2   | Noticed Sonja
 17228 | Lair:2   | Killed Prince Ribbit
 17230 | Lair:2   | Killed a five-headed hydra
 17581 | Lair:2   | Killed Sonja
 18313 | Lair:3   | Found a hole to the Spider Nest.
 18314 | Lair:3   | Noticed a six-headed hydra
 18809 | Lair:3   | Reached skill level 10 in Spellcasting
 19087 | Lair:3   | Reached XP level 13. HP: 76/76 MP: 13/29
 19750 | Lair:3   | Offered knowledge of Irradiate by Vehumet.
 20351 | Lair:4   | Found a staircase to the Swamp.
 20385 | Lair:4   | Found a runed translucent door.
 21848 | Lair:4   | Noticed an entropy weaver
 22212 | Lair:4   | Killed an entropy weaver
 22345 | Lair:3   | Learned a level 7 spell: Orb of Destruction
 23905 | Lair:6   | Entered Level 6 of the Lair of Beasts
 25966 | Lair:4   | Reached skill level 1 in Shields
 26095 | Lair:4   | Noticed an entropy weaver
 26096 | Lair:4   | Noticed an entropy weaver
 26494 | D:4      | Bought a scroll of teleportation for 33 gold pieces
 26494 | D:4      | Bought 3 scrolls of teleportation for 99 gold pieces
 26494 | D:4      | Bought a scroll of teleportation for 33 gold pieces
 26610 | Lair:4   | Killed an entropy weaver
 26780 | Lair:4   | Killed an entropy weaver
 26797 | Lair:4   | Reached XP level 14. HP: 42/83 MP: 2/32
 29041 | Lair:6   | Paralysed by a hornet for 1 turns
 30246 | Lair:6   | Found a staircase to the Slime Pits.
 30511 | Lair:6   | Reached skill level 10 in Fighting
 30731 | Lair:6   | Offered knowledge of Conjure Ball Lightning by Vehumet.
 31734 | Lair:6   | Got a scintillating copper ring
 31999 | Lair:1   | Identified the ring "Koef" {rF+ Int+3 Dex+6 Stlth+} (You
                  | found it on level 6 of the Lair of Beasts)
 32098 | Orc:1    | Entered Level 1 of the Orcish Mines
 32445 | Orc:1    | Noticed Snorg
 32451 | Orc:1    | Killed Snorg
 32987 | Orc:2    | Entered Level 2 of the Orcish Mines
 33185 | Orc:2    | Reached skill level 15 in Spellcasting
 33220 | Orc:2    | Offered knowledge of Starburst by Vehumet.
 33425 | Orc:2    | Found a staircase to the Elven Halls.
 33880 | Orc:2    | Found a roughly hewn altar of Beogh.
 34224 | Orc:2    | Reached XP level 15. HP: 93/93 MP: 18/36
 35316 | Orc:2    | Reached skill level 10 in Stealth
 35455 | Orc:2    | Found Gehieci's Antique Armour Emporium.
 35455 | Orc:2    | Found Zuozxach's Magic Scroll Emporium.
 35457 | Orc:2    | Found Gahisaop's Jewellery Shoppe.
 35457 | Orc:2    | Found Cacarphaesch's Assorted Antiques.
 35473 | Orc:2    | Bought a scroll of blinking for 90 gold pieces
 35477 | Orc:2    | Bought a cloak for 126 gold pieces
 35482 | Orc:2    | Bought a shiny helmet for 210 gold pieces
 35501 | Orc:2    | Bought a papyrus book for 450 gold pieces
 35860 | Swamp:1  | Entered Level 1 of the Swamp
 36247 | Swamp:1  | Reached skill level 10 in Fire Magic
 36875 | Swamp:1  | Offered knowledge of Fireball by Vehumet.
 37907 | Swamp:1  | Learned a level 5 spell: Fireball
 38386 | Swamp:3  | Noticed Louise
 38411 | Swamp:2  | Killed Louise
 38412 | Swamp:2  | Reached skill level 15 in Stealth
 39996 | Swamp:3  | Found a sparkling altar of Nemelex Xobeh.
 40031 | Swamp:3  | Identified Roxanne's Collected Works on the Mountains
 40031 | Swamp:3  | Noticed Roxanne
 40048 | Swamp:3  | Killed from afar by Roxanne

Illustrated notes

Levels and vault maps discovered:
D:1:      co_arrival_random_square_maze, layout_basic
D:2:      layout_basic, yredelemnul_altar_generic, okawaru_gym_becter,
          fedhas_ov_isle_minmay
D:3:      layout_loops_cross, tso_oasis_becter, columned_hall_lemuel,
          nicolae_qazlal_eye_of_the_storm
D:4:      layout_loops_ring, general_overflow_altar, minmay_temple_entry_fiery,
          serial_shops, shop, nicolae_shop_stone, shop_fountains, shop
D:5:      cheibrodos_fertilizer, layout_basic, grunt_temple_overflow_open
D:6:      layout_basic, nicolae_dithmenos_through_a_glass_darkly,
          nemelex_altar_shiori, overflow_temple_1_default,
          minmay_unpleasant_kobolds
D:7:      layout_rooms, serial_shops, nicolae_shop_behind_doors, uniq_maggie
D:8:      layout_loops_cross, dancing_weapons_uskayaw,
          grunt_lair_entry_orc_guard_hut, basic_altar, serial_shops, shop,
          kennysheep_generic_room_7
D:9:      mumra_celtic_spiral_tile, layout_rooms, enter_bailey_4
D:10:     layout_loops_ring, david_orc_1_choice
D:11:     layout_basic, enter_trove_5
Temple:   minmay_temple_bridge_abc
Lair:1:   layout_big_grid
Lair:2:   layout_misc_corridors, chequers_serial_rivers_micro_e,
          minmay_hedge_maze, serial_bayou_shore_b, uniq_prince_ribbit2,
          uniq_sonja
Lair:3:   layout_regular_city, spider_nest_entry_web_field,
          chequers_serial_rivers_micro_c, grunt_megastairs_5
Lair:4:   gammafunk_mikee_crab_dinner, layout_regular_city, swamp_mist,
          grunt_forest_large_clearing_hut, serial_bayou_shore_b
Lair:5:   layout_regular_city, lemuel_fruit_fields, lemuel_fruit_fields,
          serial_bayou_shore_a
Lair:6:   gammafunk_lair_ancient_temple, layout_regular_city,
          minmay_slime_entry_oklob_enclosed, infiniplex_staircase_pool_2
Swamp:1:  layout_basic_swamp, evilmike_swamp_ruin_house_5, swamp_pool2
Swamp:2:  layout_falls_marsh, hangedman_swamp_cone
Swamp:3:  layout_basic_swamp, basic_altar, swamp_pool4, uniq_louise,
          uniq_roxanne
Orc:1:    layout_diamond_mine, uniq_snorg
Orc:2:    st_orc_pillars, layout_diamond_mine, basic_altar

Skill      XL: |  1  2  3  4  5  6  7  8  9 10 11 12 13 14 15 |
---------------+----------------------------------------------+-----
Spellcasting   | 4 5 6 7 8 10 12 15 | 15.0
Conjurations   | 5 6 7 8 10 12 13 14 | 14.3
Hexes          | 2 4 6 9 10 | 10.1
Translocations | 2 3 5 7 8 |  8.4
Air Magic      | 2 |  2.0
Poison Magic   | 2 |  2.0
Dodging        | 8 |  8.2
Stealth        | 5 8 15 | 15.8
Fighting       | 4 6 8 10 | 10.4
Fire Magic     | 4 7 8 12 | 12.1
Shields        | 2 4 |  4.0

Action                   |  1- 3 |  4- 6 |  7- 9 | 10-12 | 13-15 || total
-------------------------+-------+-------+-------+-------+-------++-------
Melee: Whip              |       |     6 |     1 |    11 |       ||    18
       Dagger            |       |       |     4 |     7 |    43 ||    54
       Short sword       |       |       |       |    46 |    49 ||    95
       Staff             |       |       |       |       |     4 ||     4
 Cast: Magic Dart        |    78 |    71 |   110 |   136 |    59 ||   454
       Searing Ray       |       |     8 |    39 |    98 |    25 ||   170
       Fulminant Prism   |       |       |    13 |    67 |    65 ||   145
       Iskenderun's Myst |       |       |     5 |    11 |     7 ||    23
       Dazzling Flash    |       |       |     2 |       |       ||     2
       Mephitic Cloud    |       |       |       |    11 |     2 ||    13
       Sticky Flame      |       |       |       |    12 |    26 ||    38
       Bolt of Magma     |       |       |       |    15 |   125 ||   140
       Freeze            |       |       |       |     1 |       ||     1
       Orb of Destructio |       |       |       |       |   221 ||   221
       Fireball          |       |       |       |       |     1 ||     1
Evoke: Wand              |       |       |       |     1 |     1 ||     2
  Use: Scroll            |       |     4 |     7 |    19 |    18 ||    48
       Potion            |       |       |       |     1 |     4 ||     5
 Stab: Sleeping          |       |     1 |       |     2 |       ||     3
       Confused          |       |       |       |     2 |       ||     2
Armor: Robe              |     7 |     3 |     9 |       |       ||    19
       Steam dragon scal |       |       |    12 |   135 |   115 ||   262
Dodge: Dodged            |    15 |    13 |    72 |   282 |   263 ||   645
Block: Buckler           |       |       |       |       |    39 ||    39
